[Event "55th Biel Festival MTO 2022"]
[Site "Biel"]
[Date "2022.07.20"]
[Round "7.7"]
[White "Huschenbeth Niclas"]
[Black "Muradli Mahammad"]
[Result "0-1"]
[ECO "B96"]
[WhiteElo "2610"]
[BlackElo "2523"]
[Annotator "TA"]
[PlyCount "122"]
[EventDate "2022.07.13"]
[EventType "swiss"]
[EventCountry "SUI"]
[SourceTitle "playchess.com"]
[Source "ChessBase"]
[SourceQuality "1"]
[TimeControl "40/5400+30:1800+30"]

1. e4 c5 2. Nf3 d6 3. d4 cxd4 4. Nxd4 Nf6 5. Nc3 a6 6. Bg5 Nbd7 7. Qe2 e6 8. f4 Qc7 9. O-O-O b5 10. f5 {[%emt 0:00:37] B96: Sicilian Najdorf: 6 Bg5 e6 7 f4, lines other than 7...Qb6 and 7...Be7.} (10. a3 $11) 10... e5 {[%emt 0:00:22] 10...b4 is not played anymore.} (10... b4 $1 $15 11. fxe6 bxc3 12. exd7+ Bxd7) 11. Nd5 $11 Nxd5 12. exd5 {[%emt 0:00:00][%cal Od4e6] White has an edge.} Nb6 {[%emt 0:00:18] [#]} 13. Qh5 $1 {[%emt 0:00:01] Strongly threatening Ne6.} Be7 {[%emt 0:00:40] [#]} (13... g6 14. fxg6) 14. Bd3 $1 h6 {[%emt 0:00:25] [#]} 15. h4 $146 {[%emt 0:00:31] Ne6 is the strong threat.} ({Predecessor:} 15. Bxe7 Qxe7 16. Kb1 O-O 17. Nc6 Qc7 18. Qf3 Bb7 19. Be4 Bxc6 20. dxc6 d5 21. Bxd5 Nxd5 22. Qxd5 Rac8 {½-½ (22) Pappier,C (2497)-Percze,J (2498) ICCF email 2018}) 15... exd4 16. Rde1 Nxd5 17. Rxe7+ Nxe7 18. Re1 Be6 19. fxe6 O-O-O $1 20. Bxe7 Qxe7 21. Qxf7 Rhe8 (21... Qxh4 22. Kd1 Kb8 23. e7 $14) 22. Qf3 d5 (22... Qxh4 $2 23. Qc6+ Kb8 24. Qb6+ Kc8 25. Qxa6+ Kc7 26. Qa5+ Kb8 27. Qxb5+ Kc8 28. Qc6+ Kb8 29. Qb6+ Ka8 30. Kd1 Qg4+ 31. Re2 $18) (22... Kb8 $5 ) 23. Qg4 Kb7 24. Qxd4 Rd6 25. Bg6 {[%emt 0:08:18][%mdl 1024] White has compensation.} Rf8 26. Qe3 Rc8 (26... Qxh4 $2 27. e7 Rh8 28. e8=Q $18) (26... Rf6 $5 27. Bf7 d4 $11) 27. h5 Rcc6 28. Bf7 d4 $132 {[%emt 0:02:08][%mdl 2048] Black is fighting back} 29. Qd3 Kb6 30. a3 Rc7 31. Kb1 Ka7 32. Qg3 b4 {[%emt 0:03:25][%cal Od4d3] White must now prevent ...d3!} 33. a4 (33. Qxg7 bxa3 34. Rd1 (34. Qxh6 $2 Rb6 $19) 34... d3 35. Rxd3 Rxd3 36. cxd3 Qd6 $19) 33... b3 34. cxb3 Rb6 35. Rd1 Qc5 {[%emt 0:02:23] Chess con chili.} 36. Ka2 Rcb7 37. Rd3 Rb4 $2 {[%emt 0:00:16] [#]} (37... Qd5 $11) 38. Qf2 $2 {[%emt 0:02:47] [#] This move loses the game for White.} (38. Be8 $1 $16) 38... Rxa4+ $3 $19 39. Kb1 Rab4 40. e7 (40. Rf3 $17 {might work better.}) 40... Rxe7 41. Bc4 Re3 42. Rd1 Rb7 (42... Qxh5 43. Rxd4 Qh1+ 44. Ka2 $11) 43. g4 Rbe7 44. Qd2 R3e4 45. Rc1 Qe5 (45... Rxg4 46. Bxa6 Qb6 47. Bd3 $17) 46. Ka2 Rc7 (46... Rxg4 $2 47. Qb4 Rb7 48. Qa3 $19) 47. Qb4 Qc5 {[%emt 0:01:47] Against Bd5} ({Don't blunder} 47... Rxg4 $2 48. Re1 Re4 49. Rxe4 Qxe4 50. Qd6 $19) 48. Qa4 Kb8 ({Inferior is} 48... Rxg4 49. Bxa6 d3 50. Qxg4 $17) 49. Bd3 Qxc1 50. Bxe4 {[%emt 0:00:02][%mdl 4096] Endgame KQR-KQB} Qc5 {[%emt 0:03:24] Against Qb4+. aiming for ...Re7.} 51. Qe8+ Rc8 52. Qe6 Rd8 {[%emt 0:00:44] And now ...d3 would win.} ({And not} 52... Qa5+ 53. Kb1 $11) 53. Kb1 $2 (53. Bd3) 53... d3 {[%emt 0:01:47][%cal Bd4d3,Bd3d2][%mdl 32] ( -> ...d2)} 54. Qf7 Qc7 55. Qf3 d2 56. Bc2 Qd6 57. Bd1 Qd3+ 58. Qxd3 Rxd3 59. Kc2 Rd5 {[%emt 0:00:05] Black is clearly winning.} 60. b4 Kc7 61. Kc3 Kd6 {[%emt 0:00:05] Weighted Error Value: White=0.65/Black=0.23 (precise)} 0-1

[Event "55th Biel Festival MTO 2022"]
[Site "Biel"]
[Date "2022.07.20"]
[Round "7.8"]
[White "Martirosyan Haik M."]
[Black "Licznerski Lukasz"]
[Result "1/2-1/2"]
[ECO "A16"]
[WhiteElo "2672"]
[BlackElo "2451"]
[Annotator "TA"]
[PlyCount "122"]
[EventDate "2022.07.13"]
[EventType "swiss"]
[EventCountry "SUI"]
[SourceTitle "playchess.com"]
[Source "ChessBase"]
[SourceQuality "1"]
[TimeControl "40/5400+30:1800+30"]

1. Nf3 Nf6 2. c4 g6 3. Nc3 d5 4. cxd5 Nxd5 5. h4 Bg7 6. e4 {[%emt 0:01:30] A16: English Opening: 1...Nf6 with ...d5.} Nb6 7. d4 Bg4 8. Be3 {[%emt 0:00:43] White is slightly better.} Nc6 9. d5 Ne5 10. Be2 $1 O-O 11. Nxe5 Bxe2 {[%emt 0:00:07] [#]} 12. Qxe2 $146 ({Predecessor:} 12. Nxf7 Bxd1 13. Nxd8 Bg4 14. Ne6 Bxe6 15. dxe6 Nc4 16. O-O-O Nxe3 17. fxe3 Bxc3 18. bxc3 {½-½ (67) Giri,A (2782)-Vachier Lagrave,M (2789) Leuven 2016}) 12... Bxe5 13. f4 Bg7 14. O-O-O (14. h5 $14) 14... Qd7 (14... Bxc3 $11 15. bxc3 Qd6) 15. Bd4 {[%emt 0:03:47] White is more active.} (15. h5 $16) 15... Bxd4 $11 16. Rxd4 e6 17. h5 exd5 18. exd5 Rae8 19. Qd2 Qf5 {[%emt 0:05:41] Against Ne4} 20. Qf2 Nc8 {[%emt 0:05:29] The position is equal.} 21. Qh4 Nd6 22. hxg6 Qxg6 23. Qh3 f5 24. Rd3 {[%emt 0:01:08] [#] Threatens to win with Rg3.} Kh8 25. Qh4 Rf7 26. Qf2 Rg7 27. g3 a6 28. Re1 Rge7 29. Rde3 Qf6 30. Rxe7 Rxe7 31. Kc2 Kg8 32. Kd3 Ne4 33. Nxe4 fxe4+ 34. Rxe4 {[%emt 0:00:19][%mdl 4096] Endgame KQR-KQR} Qf5 35. Qd4 {[%emt 0:00:05] Ke3 is the strong threat.} Qg6 36. g4 Rxe4 37. Qxe4 Qxg4 {[%emt 0:00:02] KQ-KQ} 38. Kc4 Qd7 39. Qe5 Qb5+ 40. Kc3 Qc5+ 41. Kd3 Qd6 42. Qf5 Qg6 43. Qxg6+ hxg6 {[%emt 0:00:02] KP-KP} 44. Kd4 Kf7 45. b4 Kf6 46. Ke4 b6 47. a4 Kf7 48. d6 cxd6 {[%emt 0:00:20] [#] ( -> ...Ke6)} 49. Kd5 Ke7 50. Kc6 d5 $1 51. Kxd5 {[%emt 0:00:00] White wants to mate with Kc6. K3P-K3P} ({But not} 51. Kxb6 d4 52. b5 (52. Kxa6 {is a self mate.} d3 53. Kb5 d2 54. Kb6 d1=Q 55. Kc5 Qd6+ 56. Kc4 Qd1 57. Kc5 Qc1+ 58. Kd5 Qxf4 59. b5 Qxa4 60. b6 Qb5+ 61. Kd4 Qxb6+ 62. Ke4 Ke6 63. Kf3 Kf5 64. Kg3 Qe3+ 65. Kh2 Kg4 66. Kh1 Kf3 67. Kh2 Qf2+ 68. Kh3 Qg3#) 52... axb5 $17) 51... Kd7 52. a5 b5 53. Ke4 {[%emt 0:00:36] White threatens Kd5 and mate.} Ke6 54. Ke3 Ke7 55. Kf3 Kf7 56. Ke3 Ke7 57. Kf3 Kf7 58. Kf2 Kf6 59. Ke2 Ke6 60. Kd2 Kd6 (60... Kf5 $5 61. Ke3 Kg4 $11) 61. Ke3 {[%emt 0:00:11] Strongly threatening Kd4.} Ke7 {[%emt 0:00:04] Weighted Error Value: White=0.07 (flawless) /Black=0.06 (flawless)} 1/2-1/2

[Event "55th Biel Festival MTO 2022"]
[Site "Biel"]
[Date "2022.07.20"]
[Round "7.9"]
[White "Lagarde Maxime"]
[Black "Mohammad Nubairshah Shaikh"]
[Result "1/2-1/2"]
[ECO "B19"]
[WhiteElo "2631"]
[BlackElo "2445"]
[Annotator "TA"]
[PlyCount "152"]
[EventDate "2022.07.13"]
[EventType "swiss"]
[EventCountry "SUI"]
[SourceTitle "playchess.com"]
[Source "ChessBase"]
[SourceQuality "1"]
[TimeControl "40/5400+30:1800+30"]

1. e4 c6 2. d4 d5 3. Nc3 dxe4 4. Nxe4 Bf5 5. Ng3 Bg6 6. h4 h6 7. Nf3 Nd7 8. Bd3 Bxd3 9. Qxd3 e6 10. Bf4 Qa5+ {[%emt 0:01:18] B19: Classical Caro-Kann: 4...Bf5 main line.} 11. c3 Ngf6 12. O-O Be7 {[%emt 0:02:21] The position is equal.} 13. Rfe1 Nh5 14. Be5 Nxg3 (14... Nhf6 $1 $11) 15. Bxg7 $16 (15. fxg3 Nxe5 16. Nxe5 (16. Rxe5 Qc7 $11) 16... O-O $11) 15... Rg8 16. Qh7 Rxg7 17. Qxg7 Nf5 18. Qg8+ Nf8 $1 19. Ne5 Nd6 {[%emt 0:04:32] [#]} 20. Nxf7 $146 ({Predecessor:} 20. g3 c5 21. dxc5 Qxc5 22. Rad1 Rd8 23. Rd4 Rd7 24. Rf4 a5 25. Nxf7 Nxf7 26. Rxf7 {½-½ (56) Grishin,A (2585)-Csima,J (2225) ICCF corr 1997}) 20... Nxf7 $17 21. Rxe6 {[%emt 0:00:05] [#]} Kd7 $1 22. Re3 (22. Rae1 $2 Nxe6 23. Qxa8 Nfd8 $19) (22. Rxe7+ Kxe7) 22... Qh5 23. Rae1 Re8 (23... Bxh4 $2 24. Rf3 Re8 25. Rxf7+ Re7 26. Rexe7+ Bxe7 27. Qxf8 $18 (27. Rxf8 Qd1+ 28. Kh2 Qh5+ 29. Kg3 Bd6+ 30. f4 Bxf8 $14)) 24. d5 {[%emt 0:15:21] aiming for dxc6+.} cxd5 ({Better is} 24... Qg6 $17 25. dxc6+ bxc6 26. Qxg6 Nxg6) 25. Qg7 $11 a6 (25... Qg6 $5 26. Qd4 Qc6 $11) 26. Qd4 (26. b3 $5 ) 26... Nd6 27. Qa4+ $1 (27. Re5 $2 Bf6 28. Rxe8 Bxd4 $19) 27... Kd8 {[%emt 0:00:47] And now ...Nc4 would win.} (27... Nb5 $5 28. b3 d4 29. cxd4 Ng6 $17) 28. Qa5+ Kd7 {[%emt 0:00:04] White must now prevent ...Nc4.} 29. Qa4+ (29. Re5 $2 Bd8 30. Qxd5 Rxe5 31. Qxe5 (31. Rxe5 $2 Qxh4 32. g3 Qg4 $19) 31... Qxe5 32. Rxe5 Bxh4 $19) 29... Nb5 30. Re5 $2 (30. b3 $1 $15) 30... Qf7 $19 31. Qg4+ Kc7 32. c4 (32. Rf5 {was worth a try.} Qg6 33. Qxg6 Nxg6 34. Re6 Nxh4 35. Rxd5) 32... Nd6 $1 (32... dxc4 33. Rf5 Qg6 34. Rxe7+ Rxe7 35. Qxc4+ Kd7 36. Rxf8 Re1+ 37. Kh2 Qd6+ 38. Rf4 $17) 33. cxd5 Ng6 34. Re6 Nxh4 {[%emt 0:00:08] ...Kb8 is the strong threat.} (34... Nf8 35. Rxh6 Qxd5 36. Rh5 $19) 35. Rxh6 (35. Rxe7+ $142 Rxe7 36. Rc1+ Kb8 37. Qxh4) 35... Ndf5 36. Rhe6 Rg8 $2 (36... Kb8 $19 {[%cal Oh4g2] and Black stays clearly on top. Threatens to win with ...Nxg2!} 37. Qf4+ Ka7) 37. Rxe7+ $17 (37. Qf4+ $2 Bd6 38. Rxd6 Rxg2+ 39. Kf1 Ng3+ $1 40. fxg3 Qxf4+ 41. gxf4 Kxd6 $19) 37... Nxe7 38. d6+ {[%emt 0:00:28][%mdl 64] Decoy} Kxd6 (38... Kb8 $17 39. dxe7 Rxg4 40. e8=Q+ Qxe8 41. Rxe8+ Kc7) 39. Qb4+ $11 (39. Qxh4 $2 Nc6 40. a4 Qg7 41. Qf4+ Kd7 $19) 39... Kc6 (39... Kd7 $11 40. Qxb7+ Kd6 41. Qb4+ Kd7 42. Rd1+ (42. Qxh4 Nc6 $15) 42... Nd5 43. Qb7+ (43. Qxh4 Qf3 $11) 43... Ke8 44. Qc8+ Ke7 45. Qc5+ Kf6 46. Rxd5 Nf3+ 47. Kf1 Nh2+ 48. Kg1 Nf3+ 49. Kf1 Nh2+ 50. Kg1 Nf3+) 40. Rc1+ {[%emt 0:00:33] Really sharp!} (40. Rxe7 $16 {Intending Qc3+ and mate.} Rxg2+ 41. Kh1 Rg1+ 42. Kxg1 Qg6+ 43. Kf1 Qd3+ 44. Re2 Qh3+ 45. Ke1 Nf3+ 46. Kd1 Qf1+ {[#]} 47. Re1 $1 Qd3+ 48. Kc1 Nxe1 49. Qxe1) 40... Kd7 41. Qxb7+ Ke6 ({Resist} 41... Ke8 42. Qa8+ Kd7 43. Rd1+ (43. Qb7+ Ke6 $11) 43... Ke6 44. Qe4+ Kf6 45. Qxh4+ Kg7 46. Rd6 $16 (46. Rd7 Kf8 $16)) 42. Qe4+ Kd6 43. Qb4+ Ke6 44. Re1+ Kd7 45. Qb7+ Kd6 46. Qb6+ Kd7 47. Qa7+ Kd6 48. Qb6+ Kd7 49. Qb7+ Kd6 {[%emt 0:00:48] ( -> ...Nf3+)} 50. Qb4+ Kd7 51. Qxh4 Nc6 {[%emt 0:00:44] Inhibits Qd4+.} 52. Qe4 Rg5 53. Rd1+ Kc7 54. b3 Re5 55. Qd3 Kb6 56. g3 (56. Qd6 $2 Re2 57. Qg3 Rxa2 58. Qe3+ Kb7 $19) 56... Qe6 57. Kg2 Rh5 58. Rh1 {[%emt 0:00:13] Inhibits Qh3+.} Rd5 59. Qc4 Re5 (59... Qd7 {is interesting.} 60. Rh6 Rd4 61. Qe6 Qxe6 62. Rxe6 Kc5) 60. Qxe6 (60. Rh4 {seems wilder.} Qd6 61. b4 Qd5+ 62. Qxd5 Rxd5 63. g4) 60... Rxe6 {[%emt 0:00:01][%mdl 4096] Endgame KRN-KR} 61. g4 Kc5 62. g5 Kd5 63. Kg3 Nd4 64. b4 Re2 65. a4 Ke5 66. Rd1 Ne6 67. g6 (67. Rb1 $11) 67... Rb2 $15 68. Rd7 {[%emt 0:00:46] Strongly threatening g7.} Rb3+ 69. f3 Rxb4 70. Rf7 Rb1 (70... Rf4 $5 71. Ra7 (71. Rxf4 Nxf4 72. g7 Nh5+ 73. Kg4 Nxg7 $19) (71. g7 $2 Rxf7 72. g8=Q Rg7+ 73. Qxg7+ Nxg7 $19) 71... Rf6 72. f4+ Kf5 73. Rxa6 Rxg6+ 74. Kf2 Rh6 $11) 71. Kf2 {[%emt 0:00:49][%cal Of3f4] Prevents Rg1.} Rb8 72. Ke3 Rb3+ 73. Kf2 Rb8 74. Ke3 $1 Rb3+ 75. Kf2 Rb8 76. Ke3 $1 Rb3+ {[%emt 0:00:26] And White is the lucky defender.  Weighted Error Value: White=0.21 (precise) /Black=0.28 (precise)} 1/2-1/2

[Event "55th Biel Festival MTO 2022"]
[Site "Biel"]
[Date "2022.07.20"]
[Round "7.10"]
[White "Krishna C R G"]
[Black "Puranik Abhimanyu"]
[Result "1/2-1/2"]
[ECO "A64"]
[WhiteElo "2430"]
[BlackElo "2612"]
[Annotator "TA"]
[PlyCount "180"]
[EventDate "2022.07.13"]
[EventType "swiss"]
[EventCountry "SUI"]
[SourceTitle "playchess.com"]
[Source "ChessBase"]
[SourceQuality "1"]
[TimeControl "40/5400+30:1800+30"]

1. d4 Nf6 2. Nf3 g6 3. c4 Bg7 4. g3 c5 5. d5 d6 6. Nc3 e6 7. Bg2 exd5 8. cxd5 O-O 9. O-O Re8 10. Nd2 Nbd7 11. e4 a6 12. a4 Qc7 {[%emt 0:05:59] A64: Modern Benoni: Fianchetto Variation: 9...Nbd7 10 Nd2 a6 11 a4 Re8.} 13. Nc4 Ne5 $1 14. Nxe5 Rxe5 15. Bf4 Re8 {[%emt 0:00:51] [#]} 16. Rc1 $146 ({Predecessor:} 16. Qd2 Ng4 17. Rac1 Bd7 18. b3 Rac8 19. h3 Ne5 20. Kh2 b5 21. axb5 axb5 22. Ne2 {0-1 (31) Shannon,P (1934)-Leonard,A (2326) ICCF email 2016}) 16... Qb8 17. a5 b5 {[%emt 0:00:26] Inhibits Na4.} 18. axb6 Qxb6 19. h3 (19. Qd2 {is interesting.} Ng4 20. Na4 Qb5 21. Nc3) 19... Nd7 20. Qa4 Rb8 21. Rfd1 (21. Nd1 $11) 21... Rf8 $15 22. Rd2 Ne5 23. Nd1 Bd7 24. Qa3 Qb4 25. Qxa6 {[%emt 0:05:11] [#]} Bxh3 $1 26. Qe2 (26. Nc3 Ra8) 26... Bg4 27. f3 Bd7 28. Nc3 Rb6 29. Rdc2 Rfb8 30. Ra1 h5 31. Bf1 (31. Kh2 $142) 31... R6b7 32. Ra6 c4 ({Black should try} 32... Qb3 $1 $17 {[%cal Oe5f3] Hoping for ...Nxf3+!} 33. Bg2 (33. Rxd6 Nxf3+ 34. Qxf3 Qxc2 $17) 33... Nc4 34. Bxd6 Nxd6 35. Rxd6 Be5 36. Rxd7 Rxd7) 33. Be3 (33. Qe3 $15 {should be considered.}) 33... Nd3 34. Na2 $2 (34. Ra2 $17) 34... Qb5 35. Rxd6 Be5 $1 36. Rxd7 (36. Nc3 $142 Qb3 37. Rxd7 Rxd7 38. f4) 36... Qxd7 $19 (36... Rxd7 37. Nc3 Qa5 38. f4 Bxc3 39. bxc3 $17) 37. f4 {[%emt 0:00:31] [#]} Bg7 (37... Rxb2 $1 $19 {has better winning chances.} 38. fxe5 Qa4) 38. Rxc4 $17 Rxb2 39. Qxd3 Qg4 40. Bf2 Rxa2 41. d6 h4 (41... Ra1 $17 42. Kg2 Rd1) 42. e5 $1 $11 ({Avoid the trap} 42. d7 $2 hxg3 43. d8=Q+ Rxd8 44. Qxd8+ Kh7 $19) 42... h3 {[%emt 0:28:20][%cal Oh3h2] aiming for ...h2+!} 43. Rc2 {[%emt 0:06:40][%mdl 1024] White has compensation.} Ra1 (43... Rxc2 $11 {and Black is okay.} 44. Qxc2 g5) 44. Kh2 $18 Bf8 {[%emt 0:03:33] ...Rbb1 is the strong threat.} 45. Bd4 $4 {[%emt 0:08:39][%mdl 8192] Chess con chili.} ({Wrong is} 45. Bxh3 $2 Rh1+ $1 46. Kxh1 Qxh3+ 47. Kg1 Rb1+ 48. Be1 Rxe1+ 49. Kf2 Rh1 $19) (45. Be2 $1 $18 {[%cal Re2g4] was the only winning move.} Qe6 46. Bf3) 45... Rd1 $19 46. Rd2 Rbb1 47. d7 Rxf1 $2 (47... Rxd2+ 48. Qxd2 Qxd7 49. Bxh3 $19) (47... Be7 $19 48. Bg1 Rxf1 49. d8=Q+ Bxd8 50. Qxd8+ Kh7) 48. Qxf1 Rxf1 49. d8=Q {[%emt 0:00:09] Strongly threatening Bc5.} Qf3 50. Bg1 {[%emt 0:00:07] [#]} Rd1 $1 51. Qd4 Qf1 $1 52. Qf2 (52. e6 $1 $15) 52... Qxf2+ $17 53. Rxf2 {[%emt 0:00:01][%mdl 4096] Endgame KRB-KRB} Bc5 54. Rf1 Rxf1 55. Bxc5 {[%emt 0:00:05] [#] KR-KB} g5 $1 56. fxg5 Rf5 57. Be3 Rxe5 58. Bf4 Re4 59. Kxh3 Kg7 60. Kh4 Kg6 61. Kg4 Re1 62. Bd2 Ra1 63. Be3 Ra4+ 64. Bf4 Rc4 65. Kh4 Kf5 {[%emt 0:00:08] Threatens to win with ...Rc8.} 66. Kh5 Rc6 67. Be3 Rg6 68. Bf4 Re6 69. Bc7 Re8 70. Kh6 $1 Rg8 71. Bf4 Kg4 72. Kh7 Rg6 73. Kh8 Kf5 74. Kh7 Ke6 75. Be3 Ke7 76. Bc5+ Ke8 77. Be3 Rd6 78. Kg7 Rg6+ 79. Kh7 Ke7 80. Bc5+ $1 Ke6 81. Be3 Kf5 82. Bf4 {[%emt 0:00:00] [#]} Rb6 ({Better is} 82... Ke4 $1 $17 83. Bc1 Kd3) 83. Kg7 $11 {[%emt 0:00:18] The position is equal.} Rb7 84. Kh6 Kg4 85. Kg7 Kf5 86. Kh6 Re7 87. Kg7 f6+ 88. Kh6 fxg5 89. Bxg5 Re4 90. Bf4 Rxf4 {[%emt 0:00:07] Weighted Error Value: White=0.39/Black=0.34} 1/2-1/2

[Event "55th Biel Festival MTO 2022"]
[Site "Biel"]
[Date "2022.07.20"]
[Round "7.11"]
[White "Erdos Viktor"]
[Black "Korley Kassa"]
[Result "1-0"]
[ECO "C43"]
[WhiteElo "2586"]
[BlackElo "2421"]
[Annotator "TA"]
[PlyCount "95"]
[EventDate "2022.07.13"]
[EventType "swiss"]
[EventCountry "SUI"]
[SourceTitle "playchess.com"]
[Source "ChessBase"]
[SourceQuality "1"]
[TimeControl "40/5400+30:1800+30"]

1. e4 e5 2. Nf3 Nf6 3. d4 Nxe4 4. Bd3 d5 5. Nxe5 Nd7 6. Nc3 Nxe5 7. dxe5 Nxc3 8. bxc3 Bc5 {[%emt 0:00:18] C43: Petroff Defence: 3 d4.} 9. O-O O-O {[%emt 0:09:54] The main line 9...0-0 scores better than 9...Be6.} 10. Qh5 {[%emt 0:00:22][%csl Gd3][%cal Rh5h7] [#]} g6 $1 {[%emt 0:00:06] The position is equal.} 11. Qh6 Re8 12. Bg5 Bf8 13. Bxd8 Bxh6 14. Bxc7 {[%emt 0:00:04] [#]} Bd7 $146 ({Predecessor:} 14... Bf5 15. Bxf5 gxf5 16. Rfd1 Rac8 17. Bd6 Rxc3 18. Rxd5 Rxc2 19. a4 Rd8 20. g3 Bf8 21. Rb1 b6 22. a5 Rc6 23. axb6 axb6 {½-½ (23) Volokitin,A (2677)-Nepomniachtchi,I (2782) Warsaw 2021}) 15. Rab1 Rec8 16. Rxb7 Bc6 17. Ba6 Bxb7 18. Bxb7 Rxc7 19. Bxa8 Rxc3 20. Bxd5 Rxc2 $14 {[%emt 0:00:06][%mdl 4096] Endgame KRB-KRB} 21. f4 Bf8 22. g3 Bc5+ 23. Kh1 Kg7 24. Bb3 Rd2 25. Rc1 Bb6 26. Rc6 Bd8 27. Rc8 h5 28. Rb8 Rd7 {[%emt 0:00:36] Prevents Rb7.} 29. Kg2 Bb6 30. Kf3 Re7 31. g4 {[%emt 0:19:28] White is more active.} hxg4+ 32. Kxg4 Rd7 33. h4 f5+ 34. Kf3 Rd3+ 35. Kg2 (35. Ke2 $16 Re3+ 36. Kd1) 35... Rd2+ $11 36. Kh1 Rd7 ({Black should play} 36... Rd4 $11) 37. h5 $1 $14 gxh5 (37... Be3 $14) 38. Rg8+ $18 Kh6 39. Rf8 Be3 (39... Rg7 $16 {is a better defense.} 40. Rxf5 Be3 41. Rf6+ Rg6) 40. Rxf5 Re7 (40... Bd2 $142 41. Rf6+ Kh7) 41. Rf6+ Kg7 42. Kg2 a5 43. Kf3 Bd4 44. Ke4 Bf2 (44... a4 45. Bd1 Bb2 46. Bxh5 Rb7) 45. f5 {[%emt 0:00:00][%cal Bf4f5,Bf5f6][%mdl 32] [#] Threatens to win with Rg6+.} h4 46. Rg6+ {[%emt 0:00:00] White mates.} Kh7 47. Bg8+ Kh8 48. f6 {[%emt 0:00:00] Weighted Error Value: White=0.04 (flawless) /Black=0.35} 1-0

[Event "55th Biel Festival MTO 2022"]
[Site "Biel"]
[Date "2022.07.20"]
[Round "7.12"]
[White "Prraneeth Vuppala"]
[Black "Petrov Martin"]
[Result "1/2-1/2"]
[ECO "C11"]
[WhiteElo "2457"]
[BlackElo "2534"]
[Annotator "TA"]
[PlyCount "51"]
[EventDate "2022.07.13"]
[EventType "swiss"]
[EventCountry "SUI"]
[SourceTitle "playchess.com"]
[Source "ChessBase"]
[SourceQuality "1"]
[TimeControl "40/5400+30:1800+30"]

1. e4 e6 2. d4 d5 3. Nc3 Nf6 4. e5 Nfd7 5. f4 c5 6. Nf3 Nc6 7. Be3 cxd4 8. Nxd4 Qb6 9. Qd2 Qxb2 10. Rb1 Qa3 11. Bb5 $1 Nxd4 {[%emt 0:00:17] C11: French: Classical System: 4 e5 and 4 Bg5 dxe4.} 12. Bxd4 {[%emt 0:00:17][%cal Of4f5] [#] Threatens to win with f5!} ({Much weaker is} 12. Qxd4 a6 13. Bxd7+ Bxd7 14. Rxb7 Rc8 $17) 12... a6 (12... Bb4 {is interesting.} 13. Rb3 Qa5 14. a3 Be7) 13. Bxd7+ Bxd7 {[%emt 0:00:29] The position is equal.} 14. Rb3 Qe7 15. Rxb7 Qh4+ $1 {[%emt 0:00:14][%mdl 4] is currently scoring better than 15...Rc8.} 16. Qf2 Qxf2+ 17. Kxf2 Be7 18. Rhb1 Bd8 19. Rb8 Rxb8 {[%emt 0:00:43] [#]  Weighted Error Value: White=0.01 (flawless) /Black=0.04 (flawless)} {Predecessor:} 20. Rxb8 $146 O-O 21. Rb7 Bc6 22. Ra7 Ba5 23. Rxa6 Bxc3 24. Bxc3 Rc8 25. Ke3 Bb5 26. Rb6 {½-½ (90) Svane,R (2615)-Gavrilescu,D (2477) Reykjavik 2021} 1/2-1/2

[Event "55th Biel Festival MTO 2022"]
[Site "Biel"]
[Date "2022.07.20"]
[Round "7.13"]
[White "Bharath Subramaniyam H"]
[Black "Seul, Georg"]
[Result "1-0"]
[ECO "A47"]
[WhiteElo "2479"]
[BlackElo "2367"]
[Annotator "TA"]
[PlyCount "101"]
[EventDate "2022.07.13"]
[EventType "swiss"]
[EventCountry "SUI"]
[SourceTitle "playchess.com"]
[Source "ChessBase"]
[SourceQuality "1"]
[TimeControl "40/5400+30:1800+30"]

1. d4 Nf6 2. Nf3 e6 3. Bf4 c5 4. c3 b6 5. e3 Be7 6. h3 O-O {[%emt 0:00:53] A47: 1 d4 Nf6 2 Nf3 b6: Torre, London and Colle Systems.} 7. Bd3 Ba6 8. Bxa6 Nxa6 {[%emt 0:00:05] The position is equal.} 9. O-O Qc8 10. Qe2 Qb7 11. Nbd2 cxd4 12. exd4 d6 13. a4 Nc7 14. Bg5 Rfe8 {[%emt 0:05:42] [#]} 15. Bxf6 $146 ({Predecessor:} 15. Rfe1 h6 16. Bxf6 Bxf6 17. Qd3 Rad8 18. Re4 g6 19. Rae1 Bg7 20. Qc2 a6 21. h4 {0-1 (37) Krudde,F (2319)-Van den Doel,E (2592) Netherlands 2010}) 15... Bxf6 16. Rfe1 Be7 17. Ne4 a6 18. Qc2 b5 19. Neg5 g6 $1 20. h4 Kg7 21. Re4 Rab8 22. axb5 axb5 23. Rae1 Nd5 24. h5 Bxg5 25. Nxg5 Nf6 {[%emt 0:02:15] [#] And now ...Qd5 would win.} 26. Rf4 {[%emt 0:01:24] Threatening Qd2.} Qd5 27. h6+ $1 Kg8 28. Nf3 ({Much worse is} 28. Rxf6 Qxg5 29. Rf3 Qxh6 $17) (28. Nh3 $5 Nd7 29. Rf3 $11) 28... Nd7 29. Rfe4 Nf6 30. Rh4 e5 (30... Rec8 $11) 31. dxe5 dxe5 32. Ng5 {[%emt 0:01:41] Prevents e4.} Rbd8 33. Rb4 Rb8 (33... Qc6 $14 {is more appropriate.}) 34. Rd1 $16 Qc6 35. Qd3 ({Don't play} 35. Qb3 Rb7 $14) 35... Qc5 {[%emt 0:00:44] [#]} ({Black should play} 35... Re7) 36. Qd6 $1 Qb6 37. Rd2 $40 {[%emt 0:01:03][%mdl 128] White has strong attack. 0x0.001eb966e4c2dp-1022s more active pieces.} e4 38. Qxb6 Rxb6 39. Nxe4 Ng4 (39... Nxe4 $16 {keeps fighting.} 40. Rxe4 Kf8) 40. f3 $18 Nxh6 41. Rd6 Rxd6 42. Nxd6 $16 {[%emt 0:00:00][%mdl 4096] Endgame KRN-KRN} Re2 (42... Rd8 $16 {might work better.}) 43. Rxb5 $18 Rc2 44. c4 {[%emt 0:00:00][%cal Bc3c4,Bc4c5][%mdl 32] b4 is the strong threat.} Kg7 (44... Nf5 $142) 45. b4 Kf6 46. Rb7 {[%emt 0:00:00] aiming for Rc7.} Ke5 (46... Ke6 $142) 47. c5 Kf4 48. Kh2 g5 (48... Ke5 $142 49. Kh3 Rc1) 49. Re7 g4 50. Re4+ Kg5 {[%emt 0:00:11] Hoping for ...gxf3.} 51. Rc4 {[%emt 0:00:00] Weighted Error Value: White=0.04 (flawless) /Black=0.21 (precise)} 1-0